 Dungeon Crawl Stone Soup version 0.30-a0-331-g8ab09dc110 (webtiles) character file.

Game seed: 1311778288528369220

32 oldriver the Magician (level 3, 0/25 HPs)
             Began as a Human Hedge Wizard on Oct 29, 2022.
             Succumbed to an adder's poison
             ... on level 1 of the Dungeon.
             The game lasted 00:02:27 (1202 turns).

oldriver the Magician (Human Hedge Wizard)          Turns: 1202, Time: 00:02:27

Health: 0/25       AC:  2    Str: 10    XL:     3   Next: 45%
Magic:  2/7        EV: 12    Int: 16    God:
Gold:   73         SH:  0    Dex: 12    Spells: 3/8 levels left

rFire   . . .      SeeInvis .    i - +3 dagger (venom)
rCold   . . .      Faith    .    (no shield)
rNeg    . . .      Spirit   .    b - +0 robe
rPois   .          Reflect  .    c - +0 hat
rElec   .          Harm     .    (no cloak)
rCorr   .          Rampage  .    (no gloves)
Will    .....                    (no boots)
Stlth   ++........               (no amulet)
HPRegen 0.24/turn                (no ring)
MPRegen 0.10/turn                (no ring)

@: lethally poisoned (0 -> -2)
A: no striking features
a: no special abilities


You were on level 1 of the Dungeon.
You visited 1 branch of the dungeon, and saw 2 of its levels.

You collected 73 gold pieces.

Inventory:

Hand Weapons
 i - a +3 dagger of venom (weapon)
Armour
 b - a +0 robe (worn)
 c - a +0 hat (worn)
Scrolls
 e - a scroll of poison {unknown}
 f - a scroll of amnesia {unknown}
 g - a scroll of identify {unknown}
 h - a scroll of magic mapping {unknown}
Potions
 d - 2 potions of magic


   Skills:
 + Level 0.7 Fighting
 - Level 2.0 Dodging
 + Level 2.3 Stealth
 * Level 3.4 Spellcasting
 + Level 1.4 Conjurations
 + Level 1.4 Summonings
 - Level 1.1 Translocations


You had 3 spell levels left.
You knew the following spells:

 Your Spells              Type           Power      Damage    Failure   Level
a - Magic Dart            Conj           28%        1d4       10%         1
b - Call Imp              Summ           7%         N/A       14%         2
c - Blink                 Tloc           12%        N/A       17%         2

Your spell library contained the following spells:

 Spells                   Type           Power      Damage    Failure   Level
 Slow                     Hex            8%         N/A       19%         1
 Cigotuvi's Dreadful Rot  Necr/Pois/Air  4%         N/A       26%         2
 Ensorcelled Hibernation  Hex/Ice        4%         N/A       26%         2
 Mephitic Cloud           Conj/Pois/Air  4%         N/A       41%         3
 Spider Form              Tmut/Pois      2%         N/A       47%         3
 Anguish                  Hex/Necr       1%         N/A       87%         4


Dungeon Overview and Level Annotations

Branches:
Dungeon (2/15)

Altars:


Message History

Press: ? - help, Shift-Dir - straight line, f/p - adder
Aim: an adder (heavily wounded, 100% to hit)
You miscast Magic Dart.
You are very lightly contaminated with residual magic.
Nothing appears to happen.
You feel very sick. The adder barely misses you.
You hit the adder.
The adder is poisoned.
The adder is almost dead.
You feel sick. The adder bites you.
You are more poisoned.
The adder poisons you!
Your crimson imp blinks!
The adder bites you.
Casting: Magic Dart (safe; 11% risk of failure)
Confirm with . or Enter, or press ? or * to list all spells.
Aiming: Magic Dart (safe; 11% risk of failure)
Press: ? - help, Shift-Dir - straight line, f/p - adder
Aim: an adder (almost dead, very poisoned, 100% to hit)
The magic dart hits the adder.
You kill the adder!
* * * LOW HITPOINT WARNING * * *
You feel very sick.
* * * LOW HITPOINT WARNING * * *
You feel sick.
There is a stone staircase leading up here.
* * * LOW HITPOINT WARNING * * *
You feel sick.
You climb upwards.
* * * LOW HITPOINT WARNING * * *
You feel sick.
There is a stone staircase leading down here.
Okay, then.
There is a lethal amount of poison in your body!
* * * LOW HITPOINT WARNING * * *
You feel sick.
Your magical contamination has completely faded away.
* * * LOW HITPOINT WARNING * * *
You feel sick.
You die...

............######
............'....#
.....#......####.#
.#...#.##'### #.#
.#...#.##.#
#.#############
.#...#.##.#
#.#...........#
.#####.##.#
#.###########.#
.....).##.######.#
#.#
................@#
#.#
.(..)............#
#.#
.....#####.......#
#.# .....#
#.......# #.#
.....# #.......#
#.# .....#
#######.# #.#
.....# #.# #.#
.....# #.# #.#
###### #.# #.#


There were no monsters in sight!

Vanquished Creatures
  An adder (D:2)
  3 ball pythons (D:1)
  An endoplasm (D:1)
  A giant cockroach (D:1)
  A hobgoblin (D:1)
  4 jackals (D:1)
  3 kobolds (D:1)
  A quokka (D:1)
  3 bats (D:1)
  A frilled lizard (D:1)
  2 rats (D:1)
21 creatures vanquished.

Vanquished Creatures (collateral kills)
  A ball python (D:1)
1 creature vanquished.

Grand Total: 22 creatures vanquished

Notes
Turn   | Place    | Note
-------+----------+-------------------------------------------
     0 | D:1      | oldriver the Human Hedge Wizard began the quest for the
                  | Orb.
     0 | D:1      | Reached XP level 1. HP: 13/13 MP: 4/4
   252 | D:1      | Reached XP level 2. HP: 19/19 MP: 1/6
   553 | D:1      | Learned a level 2 spell: Call Imp
   556 | D:1      | Learned a level 2 spell: Blink
   882 | D:1      | Reached XP level 3. HP: 24/25 MP: 1/7
  1200 | D:1      | HP: 1/25 [poisoned by an adder]
  1202 | D:1      | Succumbed to an adder's poison

Illustrated notes

Levels and vault maps discovered:
D:1:      nagdon_arrival_zigzag_paths, layout_basic, minmay_hedge_maze
D:2:      layout_loops_cross, serial_shops, nicolae_shop_bloodbath_and_beyond,
          hangedman_feature_mirror, hangedman_abyss_or_decor_stabs,
          minmay_misc_feat_doors, supply_closet_lemuel

Action                   || total
-------------------------++-------
Melee: Dagger            ||    33
       Punch             ||     1
 Cast: Magic Dart        ||    36
       Call Imp          ||     3
Armor: Robe              ||    15
Dodge: Dodged            ||    48

Table legend: (Time is in decaauts)
 A = Elapsed time spent in this place.
 B = Non-inter-level travel time spent in this place.
 C = Inter-level travel time spent in this place.
 D = Time resting spent in this place.
 E = Time spent auto-exploring this place.
 F = Levels seen in this place.
 G = Mean time per level.
                   A        B        C        D        E       F      G
               +--------+--------+--------+--------+--------+-----+--------+
         Total |   1201 |   1181 |     20 |     92 |    928 |   2 |  600.5 |
       Dungeon |   1201 |   1181 |     20 |     92 |    928 |   2 |  600.5 |
               +--------+--------+--------+--------+--------+-----+--------+

Top non-repeatable levels by time:
     D:1: 1182 daAuts
     D:2: 19 daAuts
